 Dungeon Crawl Stone Soup version 0.28-a0-863-g8cecda6153 (webtiles) character file.

Game seed: 2511113555371978313

241 Zdeegee the Sneak (level 5, -3/26 HPs)
             Began as a Spriggan Brigand on Nov 18, 2021.
             Killed by divine providence
             ... invoked by an orc priest
              (16 damage)
             ... on level 4 of the Dungeon.
             The game lasted 00:09:42 (4795 turns).

Zdeegee the Sneak (Spriggan Brigand)                Turns: 4795, Time: 00:09:42

Health: -3/26      AC:  3    Str:  7    XL:     5   Next: 80%
Magic:  6/6        EV: 17    Int: 12    God:
Gold:   123        SH:  0    Dex: 18    Spells: 4/4 levels left

rFire   . . .      SeeInvis +   a - +1 dagger (vamp)
rCold   . . .      Faith    .   (shield restricted)
rNeg    . . .      Spirit   .   u - +0 robe
rPois   .          Reflect  .   (helmet restricted)
rElec   .          Harm     .   c - +0 cloak
rCorr   .          Rampage  .   (gloves unavailable)
Will    .....                   (boots unavailable)
Stlth   ++++......              (no amulet)
HPRegen 0.08/turn               n - ring of flight
MPRegen 0.10/turn               (no ring)

@: flying, very quick
A: very small, no large weapons, unfitting armour, see invisible, speed 3
a: no special abilities


You were on level 4 of the Dungeon.
You visited 1 branch of the dungeon, and saw 4 of its levels.

You collected 123 gold pieces.

Inventory:

Hand Weapons
 a - a +1 vampiric dagger (weapon)
 b - a +0 hunting sling
 e - a +2 dagger
Missiles
 t - 16 sling bullets
Armour
 c - a +0 cloak (worn)
 u - a +0 robe (worn)
Jewellery
 n - a ring of flight (left hand)
Wands
 v - a wand of mindburst (10)
Scrolls
 f - 2 scrolls of teleportation
 h - a scroll of summoning {unknown}
 l - a scroll of fog {unknown}
 o - a scroll of immolation {unknown}
 q - a scroll of magic mapping {unknown}
 r - a scroll of vulnerability {unknown}
 s - a scroll of torment {unknown}
 w - a scroll of enchant weapon {unknown}
Potions
 d - a potion of magic
 g - a potion of curing
 j - a potion of attraction


   Skills:
 * Level 2.2 Fighting
 * Level 3.8 Short Blades
 * Level 1.2(2.1) Slings
 + Level 2.2(2.3) Throwing
 * Level 2.7 Dodging
 * Level 7.7 Stealth
 * Level 1.6 Hexes
 * Level 1.6 Evocations


You had 4 spell levels left.
You didn't know any spells.
Your spell library was empty.

Dungeon Overview and Level Annotations

Branches:
Dungeon (4/15)
 Temple: D:4-7

Altars:

Shops:
D:2 ?


Innate Abilities, Weirdness & Mutations

You are very small and have problems with some larger weapons.
You are too small for most types of armour.
You have supernaturally acute eyesight. (SInv)
You cover ground extremely quickly. (Speed+++)


Message History

Okay, then.
Okay, then.
You start resting.
HP restored.
As you read the scroll of identify, it crumbles to dust.
d - a potion of magic
As you read the scroll of identify, it crumbles to dust.
i - 3 scrolls of noise Drop what? 20/52 slots (_ for help) (? for menu, Esc to quit)
You drop 3 scrolls of noise.
There is a stone staircase leading down here.
You fly downwards.
There is a stone staircase leading up here.
You hit the orc.
The orc is heavily wounded.
You hit the orc.
The orc is severely wounded.
The orc barely misses you.
You hit the orc.
The orc is almost dead.
The orc hits you with a +0 club.
You hit the orc.
You kill the orc!
No target in view!
No target in view!
An orc priest comes into view. It is wielding a +0 whip.
An orc priest is nearby!
You feel a sense of dread.
a - a +1 vampiric dagger (weapon)
The orc priest shouts!
Things that are here:
a +0 club; 22 stones The orc priest mumbles some strange prayers to Beogh against you.
Beogh smites you!
The orc wizard shouts!
You are too injured to fight recklessly!
The orc priest invokes the aid of Beogh against you.
Beogh smites you!
Ouch! That really hurt!
You die...

###############
..............#####
#.............#.@<##
..#########..o.###.##
### #...#####.######
#######..>...........#
......#...#..##.####.#
... #..o.....#.## #.#
##..# ##...##...# #.#
....# #...###.## #.#
....#g
#....##.#######.#####


You could see an orc priest.

Vanquished Creatures
  A howler monkey (D:3)
  2 hounds (D:3)
  An iguana (D:4)
  An orc wizard (D:3)
  A hound skeleton (D:4)
  An adder (D:4)
  2 worms
  2 dart slugs
  4 orcs (D:4)
  3 endoplasms
  A giant cockroach (D:4)
  4 goblins
  9 hobgoblins
  2 jackals (D:1)
  7 kobolds
  3 quokkas
  9 ball pythons
  A bat (D:2)
  4 frilled lizards
  3 rats
61 creatures vanquished.

Notes
Turn   | Place    | Note
-------+----------+-------------------------------------------
     0 | D:1      | Zdeegee the Spriggan Brigand began the quest for the Orb.
     0 | D:1      | Reached XP level 1. HP: 10/10 MP: 2/2
    29 | D:1      | Found a faded altar of an unknown god.
    40 | D:1      | Reached skill level 6 in Stealth
   238 | D:1      | Reached XP level 2. HP: 12/15 MP: 3/3
  1148 | D:2      | Reached XP level 3. HP: 18/18 MP: 4/4
  1302 | D:2      | You fall into a shaft and drop 1 floor!
  1643 | D:2      | Found Ytzorr's Magic Scroll Boutique.
  2184 | D:3      | Reached skill level 7 in Stealth
  2727 | D:4      | Reached skill level 1 in Hexes
  2727 | D:4      | Reached XP level 4. HP: 23/23 MP: 5/5
  2788 | D:4      | Reached skill level 1 in Evocations
  3658 | D:3      | Reached XP level 5. HP: 12/26 MP: 6/6
  3841 | D:3      | Reached skill level 1 in Slings
  4795 | D:4      | Killed from afar by an orc priest

Illustrated notes

Levels and vault maps discovered:
D:1:      dpeg_arrival_court, layout_loops_ring,
          hellmonk_ecumenical_altar_dog_temple
D:2:      layout_rooms, serial_shops, nicolae_shop_behind_doors
D:3:      layout_loops_cross
D:4:      gammafunk_cloud_chamber, layout_loops_ring, minmay_joined_circles,
          uniq_eustachio, uniq_blork_the_orc

Skill      XL: |  1  2  3  4  5 |
---------------+----------------+-----
Stealth        | 6 7 |  7.7
Fighting       | 2 |  2.2
Short Blades   | 3 |  3.8
Hexes          | 1 |  1.6
Dodging        | 2 |  2.7
Evocations     | 1 |  1.6
Slings         | 1 |  1.2
Throwing       | |  2.2

Action                   |  1- 3 |  4- 6 || total
-------------------------+-------+-------++-------
Melee: Dagger            |   127 |   113 ||   240
Throw: Dart              |    12 |     9 ||    21
       Throwing net      |       |     1 ||     1
  Use: Scroll            |     1 |     5 ||     6
 Stab: Sleeping          |    17 |     2 ||    19
       Distracted        |     1 |     1 ||     2
Armor: Robe              |    15 |    12 ||    27
Dodge: Dodged            |    77 |    84 ||   161

Table legend: (Time is in decaauts)
 A = Elapsed time spent in this place.
 B = Non-inter-level travel time spent in this place.
 C = Inter-level travel time spent in this place.
 D = Time resting spent in this place.
 E = Time spent auto-exploring this place.
 F = Levels seen in this place.
 G = Mean time per level.
                   A        B        C        D        E       F      G
               +--------+--------+--------+--------+--------+-----+--------+
         Total |   3865 |   3679 |    186 |   1962 |   1115 |   4 |  966.2 |
       Dungeon |   3865 |   3679 |    186 |   1962 |   1115 |   4 |  966.2 |
               +--------+--------+--------+--------+--------+-----+--------+

Top non-repeatable levels by time:
     D:3: 1841 daAuts
     D:1: 1078 daAuts
     D:2: 588 daAuts
     D:4: 358 daAuts
